 Dungeon Crawl Stone Soup version 0.31-a0-818-ge7c7cf74f0 (webtiles) character file.

Game seed: 17906235701341462894

282 lunkers the Insei (level 6, 0/47 HPs)
             Began as a Meteoran Shapeshifter on Sept 22, 2023.
             Frozen to death by an endoplasm (4 damage)
             ... on level 4 of the Dungeon.
             The game lasted 00:03:30 (1514 turns).

lunkers the Insei (Meteoran Shapeshifter)           Turns: 1514, Time: 00:03:31

Health: 0/47       AC: -7    Str: 16    XL:     6   Next: 84%
Magic:  7/7        EV: 11    Int: 11    God:
Gold:   165        SH:  0    Dex: 16    Spells: 5/5 levels left

rFire   . .          .
                       - Unarmed
rCold   . . .        (no shield)
rNeg    . . .        e - +0 ring mail
rPois   .            (helmet currently unavailable)
rElec   .            (cloak currently unavailable)
rCorr   .            (gloves currently unavailable)
SInv    .            (boots currently unavailable)
Will    .....        (no amulet)
Stlth   +            (no ring)
HPRegen 0.27/turn    (no ring)
MPRegen 0.10/turn

%: no passive effects
@: beast-form, corroded, glowing
A: beast (slay +3), sense surroundings 1, otherworldly, glowing, explore regen
a: Begin Untransformation


You were on level 4 of the Dungeon.
You were a hulking beast.
You visited 1 branch of the dungeon, and saw 4 of its levels.

You collected 165 gold pieces.

Inventory:

Hand Weapons
 v - the +5 woodcutter's axe
   (You found it on level 4 of the Dungeon)
Armour
 a - a +0 animal skin
 e - a +0 ring mail (worn)
 m - +1 fire dragon scales
Jewellery
 j - a ring of fire
 p - a ring of willpower
 u - a ring of ice
Talismans
 c - a beast talisman (active)
 d - a flux talisman
Scrolls
 f - a scroll of identify {unknown}
 g - a scroll of blinking {unknown}
 i - a scroll of fog {unknown}
 k - a scroll of teleportation {unknown}
 n - a scroll of enchant weapon {unknown}
 q - a scroll of silence {unknown}
 r - a scroll of immolation {unknown}
 t - 2 scrolls of fear {unknown}
Potions
 b - a potion of lignification
 h - a potion of heal wounds {unknown}
 l - a potion of curing {unknown}
 o - 2 potions of resistance {unknown}
 s - 2 potions of brilliance {unknown}


   Skills:
 - Level 1.1 Fighting
 - Level 2.1 Dodging
 * Level 7.0 Unarmed Combat
 + Level 5.3 Shapeshifting


You had 5 spell levels left.
You didn't know any spells.
Your spell library contained the following spells:

 Spells                   Type           Power      Damage    Failure   Level
 Freeze                   Ice            0%         1d3       56%         1
 Summon Small Mammal      Summ           0%         N/A       56%         1
 Sublimation of Blood     Necr           0%         N/A       71%         2
 Wereblood                Tmut           0%         N/A       71%         2
 Call Canine Familiar     Summ           0%         N/A       90%         3
 Frozen Ramparts          Ice            0%         1d1       90%         3
 Hailstorm                Conj/Ice       0%         3d3       90%         3
 Summon Guardian Golem    Hex/Summ       0%         N/A       90%         3
 Summon Hydra             Summ           0%         N/A       100%        7


Dungeon Overview and Level Annotations

Branches:
Dungeon (4/15) Zot: 903
 Temple: D:4-7

Altars:


Innate Abilities, Weirdness & Mutations

You are a hulking beast.
Your limbs bulge with bestial killing power. (Slay +3)
You passively map a small area around you.
You are easily found by Zot.
You glow in the dark.
You regain HP and MP as you explore.


Message History

You are frozen.
* * * LOW HITPOINT WARNING * * *
The endoplasm attacks as it pursues you!
The endoplasm barely misses you.
Things that are here:
a +0 short sword; 3 stones The endoplasm attacks as it pursues you!
The endoplasm hits you.
* * * LOW HITPOINT WARNING * * *
There is an open door here.
The endoplasm attacks as it pursues you!
The endoplasm hits you.
* * * LOW HITPOINT WARNING * * *
The endoplasm attacks as it pursues you!
The endoplasm closely misses you.
Things that are here:
a +0 dagger; a kobold corpse The endoplasm attacks as it pursues you!
The endoplasm hits you.
* * * LOW HITPOINT WARNING * * *
There is an open gate here.
You hit the endoplasm but do no damage. The endoplasm closely misses you.
You hit the endoplasm but do no damage. Your punch misses the endoplasm.
The endoplasm freezes you.
You are frozen.
* * * LOW HITPOINT WARNING * * *
You hit the endoplasm.
The endoplasm is lightly wounded.
The endoplasm closely misses you. The endoplasm hits you.
* * * LOW HITPOINT WARNING * * *
You barely miss the endoplasm.
The endoplasm is lightly wounded.
The endoplasm hits you.
* * * LOW HITPOINT WARNING * * *
The endoplasm attacks as it pursues you!
The endoplasm closely misses you.
The endoplasm jiggles.
The endoplasm freezes you.
You are frozen.
You die...

* * ### * * , * **#######.##..
,, * #####....#.#.#.. *,
#.##..)..#.#.#.. *#..###...#
##.'.))...#'#J#.. #...#....#
##..'.)).....#J#÷. #.......*
###.J.'.)......#.#JJ
#......####...JJ##.......#.#.J
#.....#.....h#####......##'J÷
* #..........### ##########..
#####........### #### ###
.#..........## #..#########
....<.....### #....#.....#
....###†..# #..........#
.......#..## ##..........##
...........# ##...######...#
...........# ##...## ##..#


You could see 3 endoplasms.

Vanquished Creatures
  2 jellies (D:4)
  A sleepcap (D:4)
  An iguana (D:4)
  3 gnolls (D:3)
  6 adders
  An ufetubus (D:4)
  A worm (D:3)
  A dart slug (D:1)
  An orc (D:4)
  9 ball pythons
  8 endoplasms
  4 giant cockroaches
  4 goblins
  5 hobgoblins
  2 jackals (D:3)
  13 kobolds
  5 quokkas
  7 bats
  2 frilled lizards
  4 rats
80 creatures vanquished.

Notes
Turn   | Place    | Note
-------+----------+-------------------------------------------
     0 | D:1      | lunkers the Meteoran Shapeshifter began the quest for the
                  | Orb.
     0 | D:1      | Reached XP level 1. HP: 16/16 MP: 2/2
    84 | D:1      | Reached skill level 4 in Unarmed Combat
    84 | D:1      | Reached XP level 2. HP: 19/23 MP: 3/3
   132 | D:1      | Reached XP level 3. HP: 12/28 MP: 4/4
   329 | D:2      | Reached XP level 4. HP: 10/35 MP: 5/5
   336 | D:2      | HP: 1/35 [poisoned by an adder]
   368 | D:2      | Reached skill level 5 in Unarmed Combat
   633 | D:3      | Reached XP level 5. HP: 35/40 MP: 6/6
  1020 | D:4      | Reached skill level 6 in Unarmed Combat
  1078 | D:4      | Found the +5 woodcutter's axe
  1100 | D:4      | Reached XP level 6. HP: 39/47 MP: 7/7
  1251 | D:4      | Reached skill level 5 in Shapeshifting
  1490 | D:4      | Reached skill level 7 in Unarmed Combat
  1514 | D:4      | Frozen to death by an endoplasm

Illustrated notes

Levels and vault maps discovered:
D:1:      lightli_arrival_isolated_outpost, layout_basic,
          hellmonk_ecumenical_altar_lost_god, minmay_vboxes
D:2:      layout_loops_ring, minmay_pentomino_p4
D:3:      layout_loops_ring, nrook_campfire
D:4:      cheibrodos_fertilizer, layout_layer_cave, ebering_ghost_inner_flame

Skill      XL: |  1  2  3  4  5  6 |
---------------+-------------------+-----
Unarmed Combat | 4 5 6 7 |  7.0
Shapeshifting  | 4 5 |  5.3
Fighting       | |  1.1
Dodging        | |  2.1

Action                     |  1- 3 |  4- 6 || total
---------------------------+-------+-------++-------
  Melee: Unarmed           |    62 |   130 ||   192
         Punch             |       |     4 ||     4
    Use: Potion            |       |     1 ||     1
         Scroll            |       |     2 ||     2
 Armour: Ring mail         |    46 |    74 ||   120
         Skin              |       |     2 ||     2
  Dodge: Dodged            |    42 |    66 ||   108

Table legend: (Time is in decaauts)
 A = Elapsed time spent in this place.
 B = Non-inter-level travel time spent in this place.
 C = Inter-level travel time spent in this place.
 D = Time resting spent in this place.
 E = Time spent auto-exploring this place.
 F = Levels seen in this place.
 G = Mean time per level.
                   A        B        C        D        E       F      G
               +--------+--------+--------+--------+--------+-----+--------+
         Total |   1495 |   1479 |     16 |     26 |    997 |   4 |  373.8 |
       Dungeon |   1495 |   1479 |     16 |     26 |    997 |   4 |  373.8 |
               +--------+--------+--------+--------+--------+-----+--------+

Top non-repeatable levels by time:
     D:4: 510 daAuts
     D:3: 394 daAuts
     D:2: 346 daAuts
     D:1: 244 daAuts
